 Dungeon Crawl Stone Soup version 0.21.1-1-g345015f (webtiles) character file.

6488 wilfster70 the Cruncher (level 10, -6/79 HPs)
             Began as a Demonspawn Gladiator on June 21, 2018.
             Was a Priest of Okawaru.
             Killed from afar by a steam dragon (25 damage)
             ... with a ball of steam
             ... on level 10 of the Dungeon on June 29, 2018.
             The game lasted 00:38:50 (11327 turns).

wilfster70 the Cruncher (Demonspawn Gladiator)     Turns: 11327, Time: 00:38:50

Health: -6/79      AC:  0    Str: 20    XL:     10   Next: 68%
Magic:  0/13       EV: 17    Int:  9    God:    Okawaru [***...]
Gold:   411        SH:  0    Dex: 17    Spells: 9/9 levels left

rFire    . . .     SeeInvis .   a - +1 quarterstaff
rCold    + + +     Gourm    .   (shield currently unavailable)
rNeg     . . .     Faith    .   l - +4 skin of Zhor {rC+++}
rPois    .         Spirit   +   c - +1 helmet
rElec    .         Reflect  .   F - scarf {repulsion}
rCorr    .         Harm     .   g - +2 pair of gloves
MR       .....                  (no boots)
Stlth    ++........             (no amulet)
HPRegen  0.23/turn              h - ring of protection from cold
MPRegen  0.13/turn              y - +4 ring of strength

@: corroded, repel missiles
A: claws 2, magic shield, rot immunity, sturdy frame 2
a: Heroism, Renounce Religion


You were on level 10 of the Dungeon.
You worshipped Okawaru.
Okawaru was most pleased with you.
You were near starving.

You visited 1 branch of the dungeon, and saw 10 of its levels.
You also visited: Ossuary.

You collected 411 gold pieces.

Inventory:

Hand Weapons
 a - a +1 quarterstaff (weapon)
 b - the +9 short sword of the Last Wonders {pierce, MR+}
   (You found it on level 9 of the Dungeon)

   It inflicts extra damage upon your enemies.
   It affects your resistance to hostile enchantments.
 I - a +5 morningstar
Missiles
 d - 3 throwing nets (quivered)
 E - 31 sling bullets
 H - 88 stones
Armour
 c - a +1 helmet (worn)
 g - a +2 pair of gloves (worn)
 j - a +0 scale mail
 l - the +4 skin of Zhor (worn) {rC+++}
   (You found it on level 7 of the Dungeon)

   It renders you almost immune to cold.
 F - a scarf of repulsion (worn)
Jewellery
 h - a ring of protection from cold (left hand)
 m - an uncursed ring of wizardry
 x - a +4 ring of intelligence
 y - a +4 ring of strength (right hand)
Wands
 p - a wand of enslavement (9)
 A - a wand of polymorph (11)
 C - a wand of paralysis (6)
 G - a wand of acid (11)
 J - a wand of digging (11)
Scrolls
 e - a scroll of teleportation
 i - 5 scrolls of remove curse
 o - a scroll of fear
 B - 2 scrolls of identify
Potions
 n - 4 potions of lignification
 q - 2 potions of invisibility
 r - 5 potions of haste
 s - 3 potions of curing
 t - 2 potions of flight
 u - a potion of heal wounds
 v - a potion of mutation
 w - a potion of agility
 z - 2 potions of berserk rage
 D - a potion of magic
Books
 k - a book of Misfortune

   Spells                             Type                      Level
   a - Confusing Touch                Hexes                        1
   b - Confuse                        Hexes                        3
   c - Gell's Gravitas                Translocation                3
   d - Petrify                        Transmutation/Earth          4
   e - Metabolic Englaciation         Hexes/Ice                    5
   f - Yara's Violent Unravelling     Hexes/Transmutation          5
Comestibles
 f - 9 rations


   Skills:
 - Level 7.0 Fighting
 * Level 10.5 Staves
 - Level 1.7 Throwing
 - Level 4.0 Armour
 + Level 7.7 Dodging
 + Level 5.0 Invocations


You had 9 spell levels left.
You didn't know any spells.

Dungeon Overview and Level Annotations

Branches:
Dungeon (10/15)            Temple (0/1) D:6             Orc (0/2) D:9
   Lair: D:8-11

Altars:
Cheibriados
Fedhas
Kikubaaqudgha
Nemelex Xobeh
Okawaru
Trog

Shops:
D:4 %   D:8 !*

Annotations:
D:5 goulibeur's ghost, amateur DsAK


Innate Abilities, Weirdness & Mutations

You have very sharp fingernails.
When hurt, damage is shared between your health and your magic reserves.
You are immune to rotting.
Your movements are less encumbered by armour. (ER -4)


Message History

The jelly hits you.
You are splashed with acid!
The acid burns!
You hit the jelly but do no damage.
Your hands burn!
The jelly is almost dead.
The jelly barely misses you.
Something hits the plant.
A porcupine comes into view.
You thump the jelly!
You kill the jelly!
Okawaru accepts your kill.
The orc wizard casts a spell.
The orc wizard blinks!
The steam dragon breathes steam at you.
The ball of steam hits the orc.
The orc dies!
The ball of steam hits you!
* * * LOW HITPOINT WARNING * * *
There is an open door here.
There is a shaft here.
The steam dragon breathes steam at you. The ball of steam hits you!
You die...

#.## ##..§§..Dr.#.. .##
#.######### .. .# #D# .. .#
##'## .# .# ##.r§## #.# .###
##...^§## ##.# .#.##
##.....§.## ##..#
....####.......§.####...#####
.......+........@'...........
#...####.........####...####
##.## ##.......## ##..# #.#
##.....## ##.### #.#
##)..###### #...# #.#
##'#.....# ###.# #.#
#.#.###.# #.# ##.###
#.#.###.### #.# .....#
##.#.......####.#


There were no monsters in sight!

Vanquished Creatures
  A two-headed ogre (D:9)
  Pikel (D:7)
  Psyche (D:7)
  A hippogriff (D:7)
  5 yaks (D:9)
  3 hungry ghosts
  Duvessa (D:4)
  A sky beast (D:9)
  An orc warrior (D:5)
  2 ice beasts
  A necrophage (D:8)
  4 ogres
  2 centaurs
  3 big kobolds
  A crocodile (D:9)
  3 bullfrogs
  Dowan (D:4)
  2 water moccasin zombies (Ossuary)
  6 scorpions
  A wyvern skeleton (D:9)
  5 killer bees (D:9)
  4 wights (D:7)
  6 howler monkeys
  A crimson imp (D:9)
  A quasit (D:5)
  2 centaur zombies
  4 orc wizards
  2 jellies
  2 orc priests (D:5)
  3 hounds
  A bullfrog skeleton (D:4)
  4 iguanas
  Natasha (thrice) (D:2)
  2 worker ants
  7 big kobold zombies (Ossuary)
  A hound zombie (D:7)
  2 mummies (Ossuary)
  10 adders
  2 shadow imps (D:8)
  An ooze (D:3)
  8 adder zombies
  5 worms
  A dart slug (D:1)
  3 leopard geckos
  16 orcs
  15 giant cockroaches
  11 hobgoblins
  12 jackals
  20 kobolds
  9 quokkas
  A ball python (D:2)
  5 bats
  5 frilled lizards
  3 gnoll zombies (Ossuary)
  7 goblins
  4 hobgoblin zombies (Ossuary)
  A jackal skeleton (D:8)
  6 kobold zombies (Ossuary)
  2 orc zombies (Ossuary)
  A quokka skeleton (D:4)
  8 rats
247 creatures vanquished.

Vanquished Creatures (others)
  An orc wizard (D:10)
  A worker ant (D:7)
  An orc (D:10)
  10 fungi (D:10)
  A plant (D:10)
14 creatures vanquished.

Grand Total: 261 creatures vanquished

Notes
Turn   | Place    | Note
-------+----------+-------------------------------------------
     0 | D:1      | wilfster70 the Demonspawn Gladiator began the quest for the Orb.
     0 | D:1      | Reached XP level 1. HP: 16/16 MP: 1/1
   186 | D:1      | Gained mutation: You are immune to rotting. [demonic ancestry]
   186 | D:1      | Reached XP level 2. HP: 15/22 MP: 2/2
   201 | D:1      | Reached skill level 3 in Staves
   953 | D:2      | Gained mutation: When hurt, damage is shared between your health and your magic reserves. [demonic ancestry]
   953 | D:2      | Reached XP level 3. HP: 25/28 MP: 3/3
  1217 | D:2      | Reached skill level 1 in Armour
  1235 | D:2      | Noticed Natasha
  1243 | D:2      | Killed Natasha
  1344 | D:2      | Gained mutation: You have sharp fingernails. [demonic ancestry]
  1344 | D:2      | Reached XP level 4. HP: 34/34 MP: 4/4
  1368 | D:2      | Noticed Natasha
  1376 | D:2      | Killed Natasha
  1580 | D:2      | Reached XP level 5. HP: 40/40 MP: 5/5
  1814 | D:2      | Reached skill level 4 in Staves
  1907 | D:2      | Noticed Natasha
  1927 | D:2      | Killed Natasha
  2452 | D:3      | Reached XP level 6. HP: 44/47 MP: 6/6
  2516 | D:3      | Found a snail-covered altar of Cheibriados.
  2519 | D:3      | Found a bloodstained altar of Trog.
  2522 | D:3      | Found a blossoming altar of Fedhas.
  3040 | D:4      | Found a sand-covered staircase.
  3049 | Ossuary  | Entered an ossuary
  3389 | Ossuary  | Reached skill level 5 in Staves
  3443 | Ossuary  | Gained mutation: Your movements are slightly less encumbered by armour. (ER -2) [demonic ancestry]
  3443 | Ossuary  | Reached XP level 7. HP: 35/53 MP: 7/7
  3982 | D:4      | Found Suofonu's Food Shop.
  4033 | D:4      | Noticed Duvessa
  4034 | D:4      | Noticed Dowan
  4069 | D:4      | Killed Duvessa
  4086 | D:4      | Killed Dowan
  4877 | D:5      | Entered Level 5 of the Dungeon
  5065 | D:5      | Found an iron altar of Okawaru.
  5072 | D:5      | Became a worshipper of Warmaster Okawaru
  5195 | D:5      | Reached skill level 6 in Staves
  5195 | D:5      | Gained mutation: Your movements are less encumbered by armour. (ER -4) [demonic ancestry]
  5195 | D:5      | Reached XP level 8. HP: 23/61 MP: 5/8
  5462 | D:5      | Noticed goulibeur's ghost (amateur DsAK)
  6216 | D:6      | Found a staircase to the Ecumenical Temple.
  6616 | D:6      | Reached skill level 5 in Fighting
  6616 | D:6      | Reached skill level 5 in Dodging
  6662 | D:6      | Found a sparkling altar of Nemelex Xobeh.
  7041 | D:7      | Found the +4 skin of Zhor {rC+++}
  7053 | D:7      | Reached skill level 7 in Staves
  7126 | D:7      | Reached * piety under Okawaru
  7424 | D:7      | Noticed a hippogriff
  7431 | D:7      | Noticed Pikel
  7455 | D:7      | Killed a hippogriff
  7469 | D:6      | Reached XP level 9. HP: 18/69 MP: 1/9
  7723 | D:7      | Killed Pikel
  7723 | D:7      | Reached skill level 8 in Staves
  7936 | D:7      | Reached ** piety under Okawaru
  8387 | D:8      | Noticed Psyche
  8573 | D:7      | Killed Psyche
  8573 | D:7      | Reached skill level 9 in Staves
  8841 | D:8      | Found Wisecs's General Store.
  9116 | D:8      | Found Nuruiw's Distillery.
  9362 | D:9      | Found an ancient bone altar of Kikubaaqudgha.
  9391 | D:9      | Found a staircase to the Orcish Mines.
  9420 | D:9      | Reached skill level 1 in Invocations
  9420 | D:9      | Gained mutation: You have very sharp fingernails. [demonic ancestry]
  9420 | D:9      | Reached XP level 10. HP: 74/79 MP: 10/10
  9437 | D:9      | Noticed a two-headed ogre
  9456 | D:9      | Killed a two-headed ogre
  9456 | D:9      | Reached *** piety under Okawaru
 10478 | D:9      | Reached skill level 10 in Staves
 10627 | D:9      | Received a gift from Okawaru
 11105 | D:9      | Got a slimy short sword
 11106 | D:9      | Identified the +9 short sword of the Last Wonders {pierce, MR+} (You found it on level 9 of the Dungeon)
 11139 | D:10     | Entered Level 10 of the Dungeon
 11211 | D:10     | Reached skill level 5 in Invocations
 11327 | D:10     | Killed from afar by a steam dragon

Skill      XL: |  1  2  3  4  5  6  7  8  9 10 |
---------------+-------------------------------+-----
Staves         | 3 4 5 6 7 9 10 | 10.5
Dodging        | 3 4 5 6 7 |  7.7
Armour         | 1 2 3 4 |  4.0
Fighting       | 3 4 5 7 |  7.0
Invocations    | 1 5 |  5.0
Throwing       | |  1.7

Action                   |  1- 3 |  4- 6 |  7- 9 | 10-12 || total
-------------------------+-------+-------+-------+-------++-------
Melee: Quarterstaff      |    93 |   356 |   530 |   196 ||  1175
Invok: Heroism           |       |       |     1 |     4 ||     5
  Use: Scroll            |       |       |    18 |     3 ||    21
       Potion            |       |       |     2 |     1 ||     3
  Eat: Chunk             |     1 |     6 |    14 |     3 ||    24
       Ration            |       |     1 |     3 |       ||     4
Armor: Leather armour    |    15 |       |       |       ||    15
       Scale mail        |    21 |   143 |   167 |       ||   331
       Animal skin       |       |       |    51 |    29 ||    80
Dodge: Dodged            |    57 |   183 |   395 |   146 ||   781
